AoeStats
← BYoooo

Hideout

509899142Analyzed
1v1 RM · 4d ago on Sep 28, 2026· 53m 40s· 2 players
Game mode
Random Map
Map size
Tiny (2 player)
Population
200
Speed
Normal
Resources
Standard
Victory
Conquest
Starting age
Dark Age
Ending age
Imperial Age
RankedLock teamsTeams togetherTeam positionsShared explorationLock speedFull tech treeHidden civsTurbo modeCheats
Victory
Defeat
🇩🇪 Franks · Germany
661
+16
🇮🇳 Cumans · India
662
-16
BYoooo
11:08 Feudal Age
15:50 Castle Age
14:28 Double-Bit Axe
16:47 Bow Saw
18:15 Loom
19:06 Wheelbarrow
22:43 Scale Barding Armor
25:26 Husbandry
25:40 Forging
26:10 Stone Mining
26:12 Gold Mining
29:07 Iron Casting
28:53 Chain Barding Armor
31:47 Fletching
32:01 Padded Archer Armor
33:11 Ballistics
35:48 Imperial Age
33:35 Hand Cart
33:09 Town Watch
34:52 Gold Shaft Mining
34:30 Town Patrol
35:07 Masonry
34:41 Treadmill Crane
35:11 Masonry
35:01 Murder Holes
36:49 Conscription
36:33 Chivalry
36:53 Cavalier
38:24 Hoardings
37:56 Paladin
42:53 Plate Barding Armor
43:18 Blast Furnace
42:36 Leather Archer Armor
42:16 Bodkin Arrow
42:22 Scale Mail Armor
48:58 Chain Mail Armor
50:24 Chemistry
Addykobain
4:29 Loom
13:28 Feudal Age
20:23 Castle Age
19:32 Double-Bit Axe
19:30 Horse Collar
21:02 Wheelbarrow
20:13 Town Watch
20:51 Gold Mining
20:51 Stone Mining
22:34 Bow Saw
23:36 Hand Cart
26:59 Gold Shaft Mining
27:06 Town Patrol
27:44 Padded Archer Armor
27:37 Fletching
28:27 Heavy Plow
29:06 Leather Archer Armor
34:49 Forging
34:40 Scale Mail Armor
34:46 Scale Barding Armor
35:40 Bodkin Arrow
36:21 Iron Casting
36:41 Steppe Husbandry
36:44 Murder Holes
37:00 Masonry
37:12 Ballistics
40:20 Imperial Age
38:42 Chain Mail Armor
39:43 Pikeman
40:24 Squires
40:09 Arson
40:28 Halberdier
41:53 Plate Mail Armor
42:24 Blast Furnace
41:56 Ring Archer Armor
41:53 Conscription
44:23 Chain Barding Armor
47:14 Conscription
48:12 Elite Skirmisher
48:58 Thumb Ring
49:48 Parthian Tactics
50:52 Chemistry
Connection lost

Rejoining the realm…

Still unreachable

The connection could not be restored.

Session expired

The server has moved on; the page needs a fresh start.